 Dungeon Crawl Stone Soup version 0.20-a0-555-gf6ae02d (webtiles) character file.

136 Deathtrap2010 the Ruffian (level 4, -2/44 HPs)
             Began as a Troll Monk on Feb 4, 2017.
             Slain by shmesh's ghost (5 damage)
             ... on level 3 of the Dungeon.
             The game lasted 00:08:28 (1551 turns).

Deathtrap2010 the Ruffian (Troll Monk)              Turns: 1551, Time: 00:08:28

Health: -2/44      AC:  5    Str: 20    XL:     4   Next: 98%
Magic:  3/3        EV: 11    Int:  6    God:
Gold:   102        SH:  0    Dex: 12    Spells: 3/3 levels left

rFire    . . .     SeeInvis .     - Unarmed
rCold    . . .     Gourm    +   a - +0 robe
rNeg     . . .     Faith    .   (no shield)
rPois    .         Spirit   .   (helmet restricted)
rElec    .         Reflect  .   (no cloak)
rCorr    .         Harm     .   (gloves unavailable)
MR       .....                  (boots unavailable)
Stlth    ++........             (no amulet)
Regen    0.6/turn               (no ring)
                                (no ring)

@: very slightly contaminated, hasted, very quick
A: unfitting armour, claws 3, fast metabolism 3, gourmand, regeneration 1,
shaggy fur 1, tough skin 2
a: no special abilities


You were on level 3 of the Dungeon.
You were hungry.

You visited 1 branch of the dungeon, and saw 3 of its levels.

You collected 102 gold pieces.

Inventory:

Armour
 a - a +0 robe (worn)
Scrolls
 b - a scroll of noise
 d - 2 scrolls of remove curse
 f - 2 scrolls of identify
Comestibles
 c - a meat ration


   Skills:
 * Level 2.8 Fighting
 * Level 3.4 Dodging
 + Level 1.0 Stealth
 * Level 4.4 Unarmed Combat


You had 3 spell levels left.
You didn't know any spells.

Dungeon Overview and Level Annotations

Branches:
Dungeon (3/15)

Altars:
Ashenzari

Annotations:
D:3 shmesh's ghost, weakling DsGl


Innate Abilities, Weirdness & Mutations

You are too large for most types of armour.
You have claws for hands.
Your metabolism is lightning-fast.
You like to eat raw meat.
Your natural rate of healing is unusually fast.
You are covered in fur. (AC +1)
You have very tough skin. (AC +2)


Message History

The kobold hits you but does no damage. The gnoll hits you.
You scratch shmesh's ghost but do no damage.
The bat misses you. The ball python bites you. Shmesh's ghost hits you.
* * * LOW HITPOINT WARNING * * *
You barely miss the ball python. The bat hits you.
* * * LOW HITPOINT WARNING * * *
The kobold hits you with a dagger.
* * * LOW HITPOINT WARNING * * *
The gnoll hits you!
* * * LOW HITPOINT WARNING * * *
The ball python barely misses you.
Shmesh's ghost hits you but does no damage.
As you read the scroll of fog, it crumbles to dust.
The scroll dissolves into smoke.
The ball python bites you but does no damage.
The gnoll barely misses you. The kobold barely misses you. The bat misses you.
You closely miss the bat. The bat hits you.
* * * LOW HITPOINT WARNING * * *
Shmesh's ghost hits you.
You die...

.... #..#######
#######........
.............#
.............#
.......§§§...#
......§§§K...#
.......W@b§..#
########Sg####
§g.§..
#........
+.........
#..[......
#.........
#.........


You could see shmesh's ghost, a gnoll, a goblin, a bat, a ball python and a
kobold.

Vanquished Creatures
  Jessica (D:2)
  5 gnolls
  A worm (D:2)
  3 dart slugs (D:1)
  2 leopard geckos (D:1)
  2 giant cockroaches
  5 goblins
  6 hobgoblins
  3 jackals (D:2)
  14 kobolds
  6 bats
  A frilled lizard (D:2)
  4 rats
53 creatures vanquished.

Notes
Turn   | Place    | Note
-------+----------+-------------------------------------------
     0 | D:1      | Deathtrap2010 the Troll Monk began the quest for the Orb.
     0 | D:1      | Reached XP level 1. HP: 22/22 MP: 0/0
   131 | D:1      | Reached XP level 2. HP: 25/29 MP: 1/1
   375 | D:1      | Found a shattered altar of Ashenzari.
   679 | D:1      | Reached XP level 3. HP: 36/36 MP: 2/2
   954 | D:2      | Reached skill level 4 in Unarmed Combat
   954 | D:2      | Reached XP level 4. HP: 16/44 MP: 3/3
  1297 | D:2      | Noticed Jessica
  1308 | D:2      | Killed Jessica
  1538 | D:3      | Noticed shmesh's ghost (weakling DsGl)
  1551 | D:3      | Slain by shmesh's ghost

Vault maps used:
D:1:      shiori_arrival_oz, evilmike_ruin_ashenzari
D:2:      uniq_jessica
D:3:      eat_drink_and_be_merry_uskayaw, first_bread, uniq_crazy_yiuf_cottage

Skill      XL: |  1  2  3 |
---------------+----------+-----
Dodging        | 3 |  3.4
Unarmed Combat | 4 |  4.4
Fighting       | |  2.8
Stealth        | |  1.0

Action                   |  1- 3 |  4- 6 || total
-------------------------+-------+-------++-------
Melee: Unarmed           |    93 |    44 ||   137
       Punch             |     1 |       ||     1
  Use: Scroll            |     6 |     3 ||     9
       Potion            |     2 |     3 ||     5
 Stab: Sleeping          |     2 |       ||     2
  Eat: Bread ration      |     2 |       ||     2
       Meat ration       |     1 |       ||     1
Armor: Robe              |    39 |    25 ||    64
Dodge: Dodged            |    68 |    44 ||   112
